 Dungeon Crawl Stone Soup version 0.31-a0-700-gf13585253f (webtiles) character file.

Game seed: 14985975073997724541

222 Xavori the Sneak (level 5, -6/39 (40) HPs)
             Began as an Octopode Chaos Knight on Sept 7, 2023.
             Was a Plaything of Xom.
             Killed by nerve-wracking pain
             ... invoked by Menkaure
              (10 damage)
             ... on level 3 of the Dungeon.
             The game lasted 00:03:39 (7623 turns).

Xavori the Sneak (Octopode Chaos Knight)            Turns: 7623, Time: 00:03:40

HP:   -6/39 (40)    AC:  3    Str: 20    XL:     5   Next: 99%
MP:   5/5           EV: 13    Int: 10    God:    Xom [....*.]
Gold: 206           SH:  0    Dex: 11    Spells: 4/4 levels left

rFire   . . .        y - +1 dagger (venom)
rCold   . . .        (no shield)
rNeg    . . .        (helmet restricted)
rPois   .            (no amulet)
rElec   .            (no ring)
rCorr   .            (no ring)
SInv    +            (no ring)
Will    .....        (no ring)
Stlth   ++++         (no ring)
HPRegen 0.26/turn    (no ring)
MPRegen 0.09/turn    (no ring)
                     (no ring)

%: no passive effects
@: lightly drained
A: almost no armour, amphibious, 8 rings, camouflage 1, gelatinous body 1,
(nimble swimmer 1), tentacles, iridescent scales 1, see invisible, dopey 1,
robust 1, strong 2
a: Renounce Religion


You were on level 3 of the Dungeon.
You worshipped Xom.
You were a beloved toy of Xom.
You visited 1 branch of the dungeon, and saw 4 of its levels.

You collected 206 gold pieces.

Inventory:

Hand Weapons
 a - a +0 short sword of chaos
 y - a +1 dagger of venom (weapon)
Wands
 g - a wand of quicksilver (6)
 h - a wand of polymorph (5)
 w - a wand of flame (16)
Scrolls
 b - a scroll of butterflies
 c - 2 scrolls of vulnerability {unknown}
 e - a scroll of enchant armour {unknown}
 f - a scroll of fear {unknown}
 i - a scroll of revelation {unknown}
 j - a scroll of torment {unknown}
 l - a scroll of enchant weapon {unknown}
 m - a scroll of identify {unknown}
 s - 4 scrolls of teleportation {unknown}
 u - 2 scrolls of amnesia {unknown}
 v - a scroll of immolation {unknown}
 x - a scroll of fog {unknown}
Potions
 d - a potion of might {unknown}
 k - a potion of mutation {unknown}
 n - a potion of enlightenment {unknown}
 o - 3 potions of attraction {unknown}
 p - a potion of degeneration {unknown}
 q - a potion of haste
 r - a potion of heal wounds {unknown}
 t - 3 potions of curing {unknown}


   Skills:
 + Level 3.8 Fighting
 + Level 4.0 Short Blades
 + Level 2.8 Dodging
 + Level 4.7 Stealth
 * Level 1.8 Evocations


You had 4 spell levels left.
You didn't know any spells.
Your spell library contained the following spells:

 Spells                   Type           Power      Damage    Failure   Level
 Ozocubu's Armour         Ice            0%         N/A       75%         3
 Ozocubu's Refrigeration  Ice            0%         4d7       100%        7


Dungeon Overview and Level Annotations

Branches:
Dungeon (4/15)
 Temple: D:4-7

Altars:
Xom

Annotations:
D:3 Menkaure


Innate Abilities, Weirdness & Mutations

You cannot wear most types of armour.
You are amphibious.
You can wear up to eight rings at the same time.
Your skin changes colour to match your surroundings (Stealth+).
Your rubbery body absorbs attacks. (AC +1, EV +1)
((You are camouflaged when in or above water. (Stealth+)))
You have tentacles for arms and can constrict up to eight enemies at once.
You are partially covered in iridescent scales. (AC +2)
You have supernaturally acute eyesight. (SInv)
You are dopey. (Int -2)
You are robust. (+10% HP)
Your muscles are very strong. (Str +8, Int/Dex -2)


Message History

The orc wizard casts a spell.
The orc wizard flickers and vanishes for a moment.
You're too confused to move!
The orc wizard points at you and mumbles some strange words.
You are more confused.
The orc wizard misses you.
There is a stone staircase leading down, spattered with blood here.
The orc wizard attacks as it pursues you!
The orc wizard barely misses you.
Things that are here:
a +1 flail of draining; a +0 leather armour You hit the orc wizard.
You kill the orc wizard!
You start resting.
You feel less confused.
There is a stone staircase leading down, spattered with blood here.
Things that are here:
a +0 dagger; a +0 robe You start resting.
HP restored.
You climb downwards.
Level annotation: Menkaure The orc hits you but does no damage.
The orc hits you with a +0 falchion. Menkaure hits you!
The orc closely misses you. The orc hits you with a +0 falchion.
There is a stone staircase leading up, spattered with blood here.
Unknown command.
Menkaure hits you!
* * * LOW HITPOINT WARNING * * *
The orc hits you with a +0 club.
* * * LOW HITPOINT WARNING * * *
The orc misses you.
You climb upwards.
There is a stone staircase leading down, spattered with blood here.
Things that are here:
a +0 robe; a +0 dagger Menkaure points at you and mumbles some strange words.
Pain shoots through your body!
You die...
Xom guffaws!

...##.......####...####
##.##.......#.........#
#>##.##.##.#.........#
#.##.##.##.#.........#
#...........###...####
####..##.#..# #...# #..##.#..#
#o.M# #........####>## #######
##.##.......@o##### ###......
#.#..##.##.......###.).#####
#.......##.#.###.#.#.### ##
##...##.#...[.....#..# .#
#...##.#..#.........# .#
#...##.......##.#.### )#
#...####..##.##.#.# .#
#.............<...########
.######.[.####.######..........#


You could see Menkaure and an orc.

Vanquished Creatures
  A scorpion (D:4)
  Terence (D:3)
  Jessica (D:3)
  An orc wizard (D:3)
  Robin (D:3)
  An adder (D:2)
  A worm (D:2)
  2 dart slugs
  An orc (D:3)
  8 ball pythons
  4 bats
  An endoplasm (D:2)
  3 giant cockroaches
  13 goblins
  7 hobgoblins
  10 jackals
  3 kobolds
  A quokka (D:1)
  A frilled lizard (D:2)
  3 rats
64 creatures vanquished.

Notes
Turn   | Place    | Note
-------+----------+-------------------------------------------
     0 | D:1      | Xavori the Octopode Chaos Knight began the quest for the
                  | Orb.
     0 | D:1      | Reached XP level 1. HP: 16/16 MP: 1/1
   129 | D:1      | XOM: silly message
   174 | D:1      | Reached XP level 2. HP: 21/21 MP: 2/2
   258 | D:1      | Found a faded altar of an unknown god.
   324 | D:1      | XOM: butterfly on damage
   483 | D:1      | Reached skill level 1 in Stealth
   511 | D:1      | XOM: divination: detect items
   515 | D:1      | Reached XP level 3. HP: 25/26 MP: 3/3
   649 | D:1      | XOM: silly message
   660 | D:1      | XOM: scenery: create altars
  1392 | D:1      | XOM: scenery: create altars
  1704 | D:1      | XOM: give mutations
  1704 | D:1      | Gained mutation: You have hidden genetic potential. [Xom's
                  | grace]
  1704 | D:1      | Gained mutation: Your spells are a little harder to cast,
                  | but a little more powerful. [Xom's grace]
  1704 | D:1      | Gained mutation: You are partially covered in iridescent
                  | scales. (AC +2) [Xom's grace]
  1773 | D:1      | XOM is BORED!
  1773 | D:1      | XOM: summons 2 hostile shadow creatures
  3284 | D:1      | XOM: scenery: summon butterflies
  3492 | D:1      | XOM: god gift: wand of quicksilver (6)
  3989 | D:1      | XOM: scenery: summon butterflies
  4668 | D:1      | XOM: scenery: summon butterflies
  4974 | D:1      | XOM: god gift: 56 gold pieces
  5214 | D:1      | XOM: god gift: black potion {god gift}
  5360 | D:1      | XOM: give mutations
  5360 | D:1      | Lost mutation: Your spells are a little harder to cast, but
                  | a little more powerful. [Xom's mischief]
  5360 | D:1      | Gained mutation: You are robust. (+10% HP) [Xom's mischief]
  5360 | D:1      | Gained mutation: Your muscles are strong. (Str +4, Int/Dex
                  | -1) [Xom's mischief]
  5360 | D:1      | Gained mutation: You are dopey. (Int -2) [Xom's mischief]
  5568 | D:1      | XOM: god gift: wand of polymorph (5)
  5664 | D:1      | XOM: scenery: create altars
  5732 | D:1      | XOM: summons 2 hostile demons
  5873 | D:2      | XOM: stat loss: -1 Int (10/11)
  6148 | D:2      | XOM: silly message
  6594 | D:2      | XOM: stat loss: -1 Dex (11/12)
  6634 | D:3      | Reached XP level 4. HP: 35/35 MP: 4/4
  6693 | D:3      | Gained mutation: Your muscles are very strong. (Str +8,
                  | Int/Dex -2) [hidden potential]
  6716 | D:3      | Noticed Jessica
  6721 | D:3      | Killed Jessica
  6808 | D:3      | Noticed Terence
  6822 | D:3      | Killed Terence
  6823 | D:3      | Reached skill level 1 in Evocations
  6823 | D:3      | Reached XP level 5. HP: 8/40 MP: 5/5
  7187 | D:3      | Gained mutation: You have supernaturally acute eyesight.
                  | (SInv) [hidden potential]
  7187 | D:3      | Lost mutation: You have hidden genetic potential. [hidden
                  | potential expressed]
  7204 | D:3      | Noticed Robin
  7209 | D:3      | XOM: fake destruction
  7322 | D:3      | Killed Robin
  7473 | D:4      | Noticed Menkaure
  7486 | D:4      | XOM: potion effect (curing)
  7489 | D:4      | XOM: smoke on damage
  7623 | D:3      | Killed from afar by Menkaure

Illustrated notes

Levels and vault maps discovered:
D:1:      dpeg_arrival_rhombi, layout_loops_ring,
          shapermc_ecumenical_altar_mp_ritualfount
D:2:      layout_basic
D:3:      layout_loops_cross, uniq_robin, uniq_jessica, uniq_terence
D:4:      nicolae_BIG_FREAKIN_CUBE, layout_basic, okawaru_metal_pillars_3,
          nicolae_overflow_crystal_walls, temple_hall, nrook_campfire,
          uniq_menkaure

Skill      XL: |  1  2  3  4  5 |
---------------+----------------+-----
Stealth        | 1 2 3 4 |  4.7
Evocations     | 1 |  1.8
Short Blades   | 4 |  4.0
Fighting       | |  3.8
Dodging        | |  2.8

Action                     |  1- 3 |  4- 6 || total
---------------------------+-------+-------++-------
  Melee: Short sword       |    76 |    39 ||   115
         Constrict         |    19 |     9 ||    28
         Tentacles         |    16 |    11 ||    27
         Dagger            |       |    19 ||    19
    Use: Potion            |     1 |       ||     1
   Stab: Sleeping          |    11 |     7 ||    18
         Paralysed         |     1 |       ||     1
         Distracted        |       |     1 ||     1
 Armour: Skin              |    32 |    34 ||    66
  Dodge: Dodged            |    34 |    38 ||    72

Table legend: (Time is in decaauts)
 A = Elapsed time spent in this place.
 B = Non-inter-level travel time spent in this place.
 C = Inter-level travel time spent in this place.
 D = Time resting spent in this place.
 E = Time spent auto-exploring this place.
 F = Levels seen in this place.
 G = Mean time per level.
                   A        B        C        D        E       F      G
               +--------+--------+--------+--------+--------+-----+--------+
         Total |   7584 |   7511 |     73 |   5426 |   1636 |   4 | 1896.0 |
       Dungeon |   7584 |   7511 |     73 |   5426 |   1636 |   4 | 1896.0 |
               +--------+--------+--------+--------+--------+-----+--------+

Top non-repeatable levels by time:
     D:1: 5557 daAuts
     D:2: 1015 daAuts
     D:3: 948 daAuts
     D:4: 63 daAuts
